 Dungeon Crawl Stone Soup version 0.21.1-1-g345015f (webtiles) character file.

1039 Fang the Chopper (level 8, -4/51 HPs)
             Began as a Gargoyle Berserker on June 5, 2018.
             Was an Elder of Trog.
             Slain by Duvessa
             ... wielding a +0 short sword
              (13 damage)
             ... on level 4 of the Dungeon.
             The game lasted 00:05:24 (4688 turns).

Fang the Chopper (Gargoyle Berserker)               Turns: 4688, Time: 00:05:25

Health: -4/51      AC:  9    Str: 23    XL:     8   Next: 24%
Magic:  8/8        EV: 13    Int:  8    God:    Trog [****..]
Gold:   139        SH:  0    Dex:  9    Spells: 7/7 levels left

rFire    x . .     SeeInvis .   w - +0 hand axe (flame)
rCold    + . .     Gourm    .   (no shield)
rNeg     + + .     Faith    .   b - +0 animal skin
rPois    ∞         Spirit   .   e - +2 hat
rElec    +         Reflect  .   (no cloak)
rCorr    .         Harm     .   (no gloves)
MR       .....                  (no boots)
Stlth    ++........             (no amulet)
HPRegen  0.17/turn              h - ring of positive energy
MPRegen  0.11/turn              l - ring of ice

@: berserk cooldown, slowed, very slow
A: negative energy resistance 1, electricity resistance, unbreathing,
petrification resistance, rot immunity, AC +5
a: Berserk, Trog's Hand, Brothers in Arms, Burn Spellbooks, Renounce Religion


You were on level 4 of the Dungeon.
You worshipped Trog.
Trog was greatly pleased with you.
You were very hungry.

You visited 1 branch of the dungeon, and saw 4 of its levels.

You collected 139 gold pieces.

Inventory:

Hand Weapons
 a - a +0 hand axe
 w - a +0 hand axe of flaming (weapon)
Armour
 b - a +0 animal skin (worn)
 e - a +2 hat (worn)
 x - a +1 helmet
Jewellery
 h - a ring of positive energy (left hand)
 j - an uncursed ring of poison resistance
 l - a ring of ice (right hand)
Wands
 u - a wand of scattershot (5)
Scrolls
 d - 2 scrolls of identify {unknown}
 i - a scroll of enchant weapon {unknown}
 k - a scroll of teleportation {unknown}
 o - a scroll of fear {unknown}
 p - 2 scrolls of remove curse {unknown}
 r - a scroll of noise {unknown}
Potions
 f - 2 potions of curing
 g - 2 potions of lignification {unknown}
 m - a potion of haste {unknown}
 n - a potion of degeneration {unknown}
 q - 2 potions of heal wounds {unknown}
 t - a potion of cancellation {unknown}
Books
 s - a book of Callings

   Spells                             Type                      Level
   a - Summon Small Mammal            Summoning                    1
   b - Call Imp                       Summoning                    2
   c - Call Canine Familiar           Summoning                    3
   d - Summon Guardian Golem          Hexes/Summoning              3
   e - Summon Lightning Spire         Summoning/Air                4
   f - Summon Ice Beast               Ice/Summoning                4
   Trog disapproves of the use of such an item.
Comestibles
 c - 6 rations


   Skills:
 + Level 5.7 Fighting
 + Level 6.3 Axes
 + Level 2.2 Armour
 + Level 4.3 Dodging
 + Level 2.3 Stealth


You had 7 spell levels left.
You didn't know any spells.

Dungeon Overview and Level Annotations

Branches:
Dungeon (4/15)
 Temple: D:4-7

Altars:
Ashenzari
Makhleb
Qazlal
Xom
Zin

Shops:
D:4 }

Annotations:
D:4 Duvessa


Innate Abilities, Weirdness & Mutations

You are resistant to torment.
Your stone body is resilient. (AC +5)
You are immune to poison.
You resist negative energy. (rN+)
You are resistant to electric shocks. (rElec)
You can survive without breathing.
You are immune to petrification.
You are immune to rotting.


Message History

Dowan points at you and mumbles some strange words.
The puff of frost hits you! You resist.
You slash Dowan! You burn Dowan.
You kill Dowan!
Trog accepts your kill.
You can now call in reinforcements.
Trog appreciates your killing of a magic user.
Duvessa screams, "No!
How DARE you!"
Duvessa goes berserk!
You slash Duvessa! You burn Duvessa.
You are no longer berserk.
You are exhausted.
You feel yourself slow down. Duvessa hits you with a short sword!
* * * LOW HITPOINT WARNING * * *
Duvessa hits you but does no damage. x2
Things that are here:
a dagger; a robe; the elf corpse of Dowan Unknown command.
You hit Duvessa. You burn Duvessa.
Duvessa is almost dead.
Duvessa hits you with a short sword!
You die...

#... ### ##...
#.. #.... #.#
.##(.. #.#
...... #.#
.##... #.# ## #
#...
#.#####.####...#
#.##..#
#.......e@...#
....##
#######.####...#
###>.# #.# ##
##.. #.## # ##.
#..# #.######.
##.# #...)))..
#.# ########)
#.# ########.
#.# <........


You could see Duvessa (berserk).

Vanquished Creatures
  The ghost of gregunderscorem the Ducker, an amateur OpFi of Dithmenos (D:3)
  2 ogres (D:4)
  A scorpion (D:4)
  Dowan (D:4)
  A howler monkey (D:4)
  A crimson imp (D:4)
  3 orc priests (D:4)
  A bullfrog skeleton (D:4)
  6 orc wizards
  Natasha (thrice) (D:3)
  An iguana (D:2)
  A worker ant (D:4)
  Robin (D:4)
  7 adders
  2 worms (D:2)
  2 dart slugs (D:1)
  4 leopard geckos
  13 orcs
  A giant cockroach (D:4)
  13 goblins
  10 hobgoblins
  7 jackals
  11 bats
  2 frilled lizards
  4 kobolds
  11 rats
110 creatures vanquished.

Notes
Turn   | Place    | Note
-------+----------+-------------------------------------------
     0 | D:1      | Fang the Gargoyle Berserker began the quest for the Orb.
     0 | D:1      | Reached XP level 1. HP: 14/14 MP: 1/1
   118 | D:1      | Reached XP level 2. HP: 18/19 MP: 2/2
   695 | D:1      | Reached skill level 3 in Axes
   740 | D:1      | Reached XP level 3. HP: 15/24 MP: 3/3
  1005 | D:1      | Reached ** piety under Trog
  1319 | D:2      | Reached skill level 1 in Stealth
  1440 | D:2      | Reached XP level 4. HP: 26/29 MP: 4/4
  1890 | D:2      | Reached XP level 5. HP: 27/33 MP: 5/5
  2163 | D:3      | HP: 2/49 [adder (2)]
  2437 | D:3      | Noticed gregunderscorem's ghost (amateur OpFi)
  2453 | D:3      | Killed gregunderscorem's ghost
  2453 | D:3      | Reached skill level 4 in Axes
  2453 | D:3      | Reached XP level 6. HP: 39/39 MP: 6/6
  2612 | D:3      | Noticed Natasha
  2615 | D:3      | Reached *** piety under Trog
  2626 | D:3      | Killed Natasha
  2652 | D:3      | Noticed Natasha
  2796 | D:3      | Found a stormy altar of Qazlal.
  2863 | D:3      | Killed Natasha
  2883 | D:3      | Noticed Natasha
  2916 | D:3      | Killed Natasha
  2952 | D:3      | Found a glowing silver altar of Zin.
  3059 | D:4      | Reached XP level 7. HP: 39/44 MP: 7/7
  3073 | D:4      | Found Enopomos's Gadget Shoppe.
  3152 | D:4      | Reached skill level 5 in Fighting
  3152 | D:4      | Reached skill level 5 in Axes
  3194 | D:4      | HP: 1/44 [orc wizard/magic dart (5)]
  3911 | D:4      | Found a shattered altar of Ashenzari.
  3949 | D:4      | Noticed Robin
  3962 | D:4      | Killed Robin
  4304 | D:4      | Reached **** piety under Trog
  4304 | D:4      | Reached XP level 8. HP: 50/50 MP: 8/8
  4305 | D:4      | Reached skill level 6 in Axes
  4622 | D:4      | Found a shimmering altar of Xom.
  4623 | D:4      | Found a burning altar of Makhleb.
  4669 | D:4      | Noticed Duvessa
  4669 | D:4      | Noticed Dowan
  4686 | D:4      | Killed Dowan
  4688 | D:4      | Slain by Duvessa

Skill      XL: |  1  2  3  4  5  6  7  8 |
---------------+-------------------------+-----
Axes           | 3 4 5 6 |  6.3
Stealth        | 1 2 |  2.3
Dodging        | 2 3 4 |  4.3
Fighting       | 4 5 |  5.7
Armour         | |  2.2

Action                   |  1- 3 |  4- 6 |  7- 9 || total
-------------------------+-------+-------+-------++-------
Melee: Hand axe          |   119 |   173 |   144 ||   436
Invok: Berserk           |       |     6 |     5 ||    11
 Stab: Sleeping          |       |     1 |     1 ||     2
  Eat: Chunk             |     2 |     7 |     9 ||    18
       Ration            |       |     1 |       ||     1
Armor: Animal skin       |    41 |    76 |    51 ||   168
Dodge: Dodged            |   107 |   118 |    69 ||   294
